 Dungeon Crawl Stone Soup version 0.25-a0-420-g1cc7eeb0d1 (webtiles) character file.

Game seed: 3178126690348083988, levelgen mode: deterministic

29 Kohma the Shield-Bearer (level 3, -7/23 HPs)
             Began as a Gargoyle Fighter on Jan 18, 2020.
             Killed by divine providence
             ... invoked by an orc priest
              (15 damage)
             ... on level 1 of the Dungeon.
             The game lasted 00:01:45 (835 turns).

Kohma the Shield-Bearer (Gargoyle Fighter)           Turns: 835, Time: 00:01:46

Health: -7/23      AC: 11    Str: 20    XL:     3   Next: 16%
Magic:  3/3        EV:  7    Int:  8    God:
Gold:   28         SH:  9    Dex:  9    Spells: 2/2 levels left

rFire    . . .     SeeInvis .   a - +0 long sword
rCold    . . .     Gourm    .   c - +0 shield
rNeg     + . .     Faith    .   b - +0 scale mail
rPois    ∞         Spirit   .   (no helmet)
rElec    +         Reflect  .   h - +0 cloak
rCorr    .         Harm     .   (no gloves)
MR       .....                  (no boots)
Stlth    ..........             (no amulet)
HPRegen  0.07/turn              (no ring)
MPRegen  0.08/turn              (no ring)

@: no status effects
A: negative energy resistance 1, electricity resistance, unbreathing,
petrification resistance, rot immunity, AC +3
a: no special abilities


You were on level 1 of the Dungeon.
You were not hungry.

You visited 1 branch of the dungeon, and saw 2 of its levels.

You collected 28 gold pieces.

Inventory:

Hand Weapons
 a - a +0 long sword (weapon)
Armour
 b - a +0 scale mail (worn)
 c - a +0 shield (worn)
 h - a +0 cloak (worn)
Scrolls
 g - a scroll of magic mapping {unknown}
 j - a scroll of amnesia {unknown}
 l - 3 scrolls of remove curse {unknown}
Potions
 d - a potion of might
 e - a potion of flight {unknown}
 i - a potion of brilliance {unknown}
 k - a potion of haste {unknown}
 n - a potion of curing {unknown}
Comestibles
 f - 3 rations
 m - 5 chunks of flesh


   Skills:
 - Level 3.2 Fighting
 + Level 2.5 Long Blades
 - Level 3.2 Armour
 + Level 4.0 Shields


You had 2 spell levels left.
You didn't know any spells.
Your spell library was empty.

Dungeon Overview and Level Annotations

Branches:
Dungeon (2/15)

Altars:


Innate Abilities, Weirdness & Mutations

You are resistant to torment.
Your stone body is resilient. (AC +3)
You are immune to poison.
You resist negative energy. (rN+)
You are resistant to electric shocks. (rElec)
You can survive without breathing.
You are immune to petrification.
You are immune to rotting.


Message History

You climb upwards.
There is a stone staircase leading down here.
You hit the orc priest.
The orc priest is lightly wounded.
The orc priest hits you but does no damage.
The goblin barely misses you. The orc hits you but does no damage.
The goblin hits you but does no damage. x2
The orc priest hits you but does no damage.
The orc barely misses you.
Some of the chunks of flesh in your inventory have rotted away.
You hit the orc priest.
The orc priest is moderately wounded.
The goblin hits you but does no damage. x2; You block the orc priest's attack.
You block the orc's attack.
You hit the orc priest.
The orc priest is moderately wounded.
The orc priest invokes the aid of Beogh against you.
Beogh smites you!
Ouch! That really hurt!
You die...

##.## #.# ###...#
#####.## #.....#
#......### #.....#
#......#.. #..#.####
#......#.. #..#....##
#####.##.. #.....#..#
#.##..
#..og###.#######.##..
#..o@g.....).........
#..#####.#######.##..
#..........# #.####
#.......(#.# #.#
#........#.# #.#
#..........# #.####
#.........######.....
#..................##
#.....).(...........#


You could see an orc priest, an orc and 2 goblins.

Vanquished Creatures
  A dart slug (D:1)
  An orc (D:1)
  2 giant cockroaches (D:1)
  5 goblins
  2 jackals (D:1)
  3 kobolds (D:1)
  A ball python (D:1)
  6 bats
  5 rats (D:1)
26 creatures vanquished.

Notes
Turn   | Place    | Note
-------+----------+-------------------------------------------
     0 | D:1      | Kohma the Gargoyle Fighter began the quest for the Orb.
     0 | D:1      | Reached XP level 1. HP: 14/14 MP: 1/1
   101 | D:1      | Reached XP level 2. HP: 18/19 MP: 2/2
   602 | D:2      | Reached XP level 3. HP: 22/23 MP: 3/3
   807 | D:1      | Reached skill level 4 in Shields
   835 | D:1      | Killed from afar by an orc priest

Levels and vault maps discovered:
D:1:      ebering_hopf_link, layout_basic
D:2:      layout_rooms, kennysheep_nub, nicolae_ru_path_of_blood

Skill      XL: |  1  2  3 |
---------------+----------+-----
Long Blades    | 2 |  2.5
Shields        | 4 |  4.0
Fighting       | |  3.2
Armour         | |  3.2

Action                   || total
-------------------------++-------
Melee: Long sword        ||    87
Armor: Scale mail        ||    67
Dodge: Dodged            ||    29
Block: Shield            ||    60
       Rpst.: Long sword ||    10

Table legend:
 A = Non-vault XP
 B = Vault XP
 C = Vault XP percentage of total XP
 D = Non-vault monster count
 E = Vault monster count
 F = Vault count percentage of total count
                 A         B        C        D         E       F
            +---------+---------+-------+---------+---------+-------
      Total |      42 |       0 |   0.0 |      26 |       0 |   0.0
            +---------+---------+-------+---------+---------+-------
        D:1 |      39 |       0 |   0.0 |      24 |       0 |   0.0
        D:2 |       3 |       0 |   0.0 |       2 |       0 |   0.0
            +---------+---------+-------+---------+---------+-------
